AoeStats
← t2fk

Arabian Desert

509338052Analyzed
1v1 RM · 7d ago on Sep 26, 2026· 47m 12s· 2 players
Game mode
Random Map
Map size
Tiny (2 player)
Population
200
Speed
Normal
Resources
Standard
Victory
Conquest
Starting age
Dark Age
Ending age
Imperial Age
RankedLock teamsTeams togetherTeam positionsShared explorationLock speedFull tech treeHidden civsTurbo modeCheats
Victory
Defeat
🇬🇧 Maya · United Kingdom
612
+18
🇳🇿 Huns · New Zealand
663
-36
redarrow
0:32 Loom
10:25 Feudal Age
10:56 Double-Bit Axe
18:33 Castle Age
17:23 Horse Collar
17:34 Gold Mining
19:02 Fletching
19:26 Scale Mail Armor
21:25 Crossbowman
22:06 Pikeman
27:11 Wheelbarrow
26:39 Heavy Plow
26:53 Bow Saw
27:14 Thumb Ring
30:18 Bodkin Arrow
32:31 Squires
33:54 Chain Mail Armor
34:49 Padded Archer Armor
34:59 Forging
37:33 Leather Archer Armor
37:54 Iron Casting
40:26 Imperial Age
41:02 Onager
42:27 Town Watch
43:02 Hand Cart
42:18 Arbalester
45:04 Bracer
46:28 Town Patrol
t2fk
5:58 Loom
11:34 Feudal Age
13:41 Double-Bit Axe
17:32 Padded Archer Armor
22:17 Man-at-Arms
25:57 Castle Age
29:15 Squires
28:36 Long Swordsman
32:03 Elite Skirmisher
33:08 Thumb Ring
Connection lost

Rejoining the realm…

Still unreachable

The connection could not be restored.

Session expired

The server has moved on; the page needs a fresh start.